 Dungeon Crawl Stone Soup version 0.25.1-2-g60ff931df9 (webtiles) character file.

Game seed: 6878396591410959938

44 funkygono the Charlatan (level 3, -2/26 HPs)
             Began as a Demonspawn Artificer on Sept 6, 2020.
             Killed by divine providence
             ... invoked by an orc priest
              (14 damage)
             ... on level 3 of the Dungeon.
             The game lasted 00:07:25 (2043 turns).

funkygono the Charlatan (Demonspawn Artificer)      Turns: 2043, Time: 00:07:26

Health: -2/26      AC: 11    Str: 13    XL:     3   Next: 41%
Magic:  0/6        EV:  0    Int: 12    God:
Gold:   75         SH:  7    Dex: 13    Spells: 2/2 levels left

rFire    . . .     SeeInvis .   n - +0 whip
rCold    . . .     Gourm    .   s - +0 kite shield
rNeg     + . .     Faith    .   j - +0 plate armour
rPois    .         Spirit   +   (no helmet)
rElec    .         Reflect  .   t - +0 cloak
rCorr    .         Harm     .   (no gloves)
MR       .....                  (no boots)
Stlth    ..........             r - amulet of inaccuracy (curse)
HPRegen  0.08/turn              i - ring of positive energy
MPRegen  0.10/turn              (no ring)

@: no status effects
A: magic shield
a: no special abilities


You were on level 3 of the Dungeon.
You were hungry.

You visited 1 branch of the dungeon, and saw 3 of its levels.

You collected 75 gold pieces.

Inventory:

Hand Weapons
 a - a +0 short sword
 n - a +0 whip (weapon)
Armour
 j - a +0 plate armour (worn)
 m - a +0 scale mail
 s - a +0 kite shield (worn)
 t - a +0 cloak (worn)
Jewellery
 i - a ring of positive energy (left hand)
 r - a cursed amulet of inaccuracy (around neck)
Wands
 c - a wand of flame (3)
 d - a wand of enslavement (11)
Scrolls
 g - 2 scrolls of teleportation
 h - a scroll of fear
 q - a scroll of identify
Potions
 b - a potion of brilliance
 l - 2 potions of stabbing
 o - 2 potions of flight
Comestibles
 f - 3 rations


   Skills:
 + Level 1.0 Fighting
 + Level 0.8 Short Blades
 + Level 0.1 Maces & Flails
 + Level 0.3 Armour
 + Level 2.0 Dodging
 + Level 0.8 Stealth
 + Level 4.3 Evocations


You had 2 spell levels left.
You didn't know any spells.
Your spell library was empty.

Dungeon Overview and Level Annotations

Branches:
Dungeon (3/15)

Altars:
The Shining One


Innate Abilities, Weirdness & Mutations

When hurt, damage is shared between your health and your magic reserves.


Message History

The orc hits you but does no damage. The orc hits you.
You closely miss the orc. The orc hits you but does no damage. x2
You closely miss the orc. The orc hits you but does no damage.
The orc hits you with a +0 war axe. You block the orc's attack.
You hit the orc.
The orc is lightly wounded.
The orc is no longer moving slowly.
You block the orc's attack. The orc hits you but does no damage.
You block the orc's attack.
An orc and an orc priest come into view.
The orc priest is wielding a +0 hand axe and wearing a +0 leather armour of cold resistance.
The orc shouts!
The orc priest shouts!
An orc comes into view. It is wielding a +0 club.
An orc comes into view. It is wielding a +0 short sword.
The orc shouts! x2
An orc comes into view. It is wielding a +0 short sword.
The orc shouts!
The orc priest calls down the wrath of Beogh upon you.
Beogh smites you!
Ouch! That really hurt!
You die...

#.#..# #.##
#.#..##...oo
#.#........o
###.#..##.#.##
#..oo..#
#...#..#
##o###..#
#...##..#
#@..##...
#oo.###..#
o.o......#
...........
..o......#.
####...####
#...# ....#


You could see an orc priest and 6 orcs.

Vanquished Creatures
  An adder (D:2)
  A worm (D:2)
  2 leopard geckos (D:2)
  An orc (D:2)
  2 giant cockroaches
  3 hobgoblins
  6 bats
  2 frilled lizards
  A goblin (D:1)
  3 kobolds (D:1)
  2 rats (D:2)
24 creatures vanquished.

Vanquished Creatures (collateral kills)
  An adder (D:2)
  A bat (D:2)
2 creatures vanquished.

Vanquished Creatures (others)
  An orc wizard (D:3)
  An orc (D:3)
2 creatures vanquished.

Grand Total: 28 creatures vanquished

Notes
Turn   | Place    | Note
-------+----------+-------------------------------------------
     0 | D:1      | funkygono the Demonspawn Artificer began the quest for the
                  | Orb.
     0 | D:1      | Reached XP level 1. HP: 15/15 MP: 3/3
   407 | D:1      | Gained mutation: When hurt, damage is shared between your
                  | health and your magic reserves. [demonic ancestry]
   407 | D:1      | Reached XP level 2. HP: 21/21 MP: 4/4
   946 | D:2      | Reached skill level 4 in Evocations
  1084 | D:2      | Found a glowing golden altar of the Shining One.
  1168 | D:2      | Reached XP level 3. HP: 17/26 MP: 3/6
  2043 | D:3      | Killed from afar by an orc priest

Illustrated notes

Levels and vault maps discovered:
D:1:      sevenhm_arrival_forest_fort_large_2, layout_basic, st_stairs_3
D:2:      layout_basic, overflow_temple_1_default
D:3:      layout_loops_ring, overflow_temple_1_default,
          lemuel_coloured_pillars_altar, nicolae_ru_awakened_eye

Skill      XL: |  1  2  3 |
---------------+----------+-----
Evocations     | 4 |  4.3
Dodging        | 2 |  2.0
Fighting       | |  1.0
Short Blades   | |  0.8
Maces & Flails | |  0.1
Armour         | |  0.3
Stealth        | |  0.8

Action                   || total
-------------------------++-------
Melee: Short sword       ||     5
       Whip              ||    92
Evoke: Wand              ||    31
  Use: Scroll            ||     7
  Eat: Chunk             ||     3
Armor: Scale mail        ||    47
       Plate armour      ||    13
Dodge: Dodged            ||    45
Block: Kite shield       ||    12
